 Dungeon Crawl Stone Soup version 0.21.1-1-g345015f (webtiles) character file.

11904 Fang the Cleaver (level 11, 0/49 HPs)
             Began as a Gargoyle Berserker on June 24, 2018.
             Was a High Priest of Trog.
             Slain by a smoke demon (1 damage)
             ... on level 2 of the Abyss on June 28, 2018.
             The game lasted 00:20:34 (10939 turns).

Fang the Cleaver (Gargoyle Berserker)              Turns: 10939, Time: 00:20:34

Health: 0/49       AC: 15    Str: 17 (20) XL:     11   Next: 85%
Magic:  7/7        EV: 11    Int:  4      God:    Trog [*****.]
Gold:   480        SH:  0    Dex:  4 (5)  Spells: 10/10 levels left

rFire    + . .     SeeInvis .   v - +8 battleaxe
rCold    + . .     Gourm    .   (shield currently unavailable)
rNeg     + . .     Faith    +   l - +1 ring mail {rF+}
rPois    ∞         Spirit   .   k - +0 helmet
rElec    +         Reflect  .   (no cloak)
rCorr    .         Harm     .   (no gloves)
MR       .....     Rnd*Rage +   d - +1 pair of boots Stlth +.........Rnd*Tele +
                                y - amulet of faith
HPRegen  0.00/turn              e - ring of protection from cold
MPRegen  0.10/turn              (no ring)

@: about to teleport, berserk cooldown, fainting, slowed, very slow
A: [berserk 3], [blurry vision 3], [clumsy 2], [deformed body], [deterioration
2], [dopey 2], [frail 3], [low mp 3], negative energy resistance 1, [screaming
3], electricity resistance, [inhibited regeneration], [teleportitis 3], [weak
2], unbreathing, petrification resistance, [no potion heal 2], rot immunity,
[subdued magic 3], [MP-powered wands], AC +8
a: Berserk, Trog's Hand, Brothers in Arms, Burn Spellbooks, Renounce Religion


You were on level 2 of the Abyss.
You worshipped Trog.
Trog was extremely pleased with you.
You were fainting.

You visited 2 branches of the dungeon, and saw 11 of its levels.
You visited the Abyss 1 time.

You collected 480 gold pieces.

Inventory:

Hand Weapons
 p - a +2 hand axe of distortion
 v - a +8 battleaxe (weapon)
Missiles
 w - 6 steel javelins (quivered)
Armour
 d - a +1 pair of boots (worn)
 k - a +0 helmet (worn)
 l - a +1 ring mail of fire resistance (worn)
Jewellery
 e - a ring of protection from cold (left hand)
 u - an uncursed amulet of rage {unknown}
 y - an amulet of faith (around neck)
Wands
 b - a wand of iceblast (12)
Scrolls
 f - 6 scrolls of remove curse
 h - 2 scrolls of fog
 j - 3 scrolls of blinking
 m - 2 scrolls of magic mapping
 x - a scroll of identify
 z - a scroll of amnesia {unknown}
Potions
 a - 2 potions of resistance
 g - 2 potions of mutation
 i - 6 potions of curing
 n - a potion of brilliance
 r - 2 potions of might
 s - 3 potions of flight
 t - a potion of agility
Comestibles
 c - 12 rations


   Skills:
 + Level 9.5 Fighting
 + Level 12.8 Axes
 + Level 3.9 Armour
 + Level 6.5 Dodging
 + Level 4.2 Stealth


You had 10 spell levels left.
You didn't know any spells.

Dungeon Overview and Level Annotations

Branches:
Dungeon (10/15)            Temple (1/1) D:7             Orc (0/2) D:10
   Lair: D:8-11

Altars:
Ashenzari
Cheibriados
Dithmenos
Elyvilon
Fedhas
Gozag
Hepliaklqana
Kikubaaqudgha
Makhleb
Nemelex Xobeh
Okawaru
Qazlal
Ru
Sif Muna
Trog
Uskayaw
Vehumet
Wu Jian
Xom
Yredelemnul
Zin
The Shining One

Shops:
D:4 :

Annotations:
D:10 Josephine, Sonja


Innate Abilities, Weirdness & Mutations

You are resistant to torment.
Your stone body is resilient. (AC +8)
You are immune to poison.
You resist negative energy. (rN+)
You are resistant to electric shocks. (rElec)
You can survive without breathing.
You are immune to petrification.
You are immune to rotting.
[You have an uncontrollable temper.]
[Scrolls take you much longer to read.]
[You are very clumsy. (Dex -4)]
[Armour fits poorly on your strangely shaped body.]
[Your body often deteriorates upon taking damage.]
[You are very dopey. (Int -4)]
[You are extremely frail. (-30% HP)]
[Your magical capacity is extremely low. (-30% MP)]
[You frequently scream uncontrollably at your foes.]
[You do not regenerate when monsters are visible.]
[You are often teleported next to monsters.]
[You are very weak. (Str -4)]
[Potions are poor at restoring your health.]
[Your spells are much easier to cast, but much less powerful.]
[You expend magic power (3 MP) to strengthen your wands.]


Message History

The iron imp shimmers and seems to become two!
The smoke demon barely misses you.
The smoke demon hits you but does no damage. x2
Unknown command.
The wretched star pulses with an eldritch light!
Your connection to magic feels nearly dormant.
The smoke demon gestures at you. Something smites you!
* * * LOW HITPOINT WARNING * * *
The wretched star pulses with an eldritch light!
Your regeneration stops near monsters.
The rakshasa barely misses you.
Unknown command.
The rakshasa closely misses you.
The rakshasa hits you but does no damage.
You hit the wretched star but do no damage.
You hit the rakshasa.
You hit the smoke demon but do no damage.
The smoke demon hits you.
You die...

### ..#....# ....
......##. .#.#
#.#......
#.#.##.#...... #
#.##.......# # # .
####§#....######.## #.
#.#................. #.
# #......3R..5.... ..
#.......###@..*..#.##.#
# ...## # #*####5....
#....# # #.## #.#.§.#
###.. . . ... ... . ...
.######... # .### # #.
# ## #..#.. [ . . .
.....# . # .. ## .. .
...... #. # .. ## ### .
.


You could see 2 wretched stars, a rakshasa, a smoke demon and 2 iron imps.

Vanquished Creatures
  Harold (D:10)
  2 two-headed ogres
  The ghost of Ooooooops the Basher, a novice DsCK of Xom (D:9)
  A wretched star (Abyss:2)
  The ghost of robotcentaur the Insei, a novice GnTm of Gozag (D:10)
  A necromancer (D:9)
  Joseph (D:8)
  An efreet (D:9)
  A hippogriff (D:9)
  A human (D:7)
  6 yaks (D:8)
  A steam dragon (D:10)
  4 hogs (D:7)
  A hungry ghost (D:10)
  The ghost of warborn304 the Caller, an amateur HaSu (D:5)
  2 water moccasins
  7 sky beasts
  3 orc warriors
  3 ice beasts
  A necrophage (D:10)
  A black bear (D:7)
  3 ogres
  A phantom (D:10)
  4 centaurs
  4 bullfrogs
  A troll zombie (D:10)
  A water moccasin skeleton (D:6)
  5 killer bees (D:8)
  A scorpion (D:4)
  13 wights
  A bullfrog zombie (D:10)
  5 crimson imps
  2 centaur zombies
  5 hounds
  2 quasits
  3 orc priests
  A centaur skeleton (D:7)
  6 worker ants
  3 iguanas
  2 orc wizards
  4 ogre zombies (D:10)
  A hound zombie (D:6)
  2 howler monkey skeletons
  A worker ant zombie (D:6)
  10 gnolls
  7 adders
  3 shadow imps
  An ooze (D:4)
  An adder zombie (D:8)
  A worm (D:4)
  3 dart slugs
  7 leopard geckos
  24 orcs
  7 bats
  4 giant cockroaches
  7 goblins
  10 hobgoblins
  10 jackals
  4 quokkas
  2 ball pythons
  6 frilled lizards
  3 goblin zombies (D:10)
  A hobgoblin skeleton (D:10)
  5 kobolds
  A leopard gecko zombie (D:8)
  An orc skeleton (D:10)
  15 orc zombies (D:10)
  A quokka skeleton (D:9)
  14 rats
260 creatures vanquished.

Vanquished Creatures (collateral kills)
  A hungry ghost (D:10)
  A two-headed ogre zombie (D:10)
  An orc wizard (D:10)
  2 ogre zombies (D:10)
  An orc (D:10)
  2 goblin zombies (D:10)
  A hobgoblin skeleton (D:10)
  A hobgoblin zombie (D:10)
  An orc zombie (D:10)
11 creatures vanquished.

Vanquished Creatures (others)
  An orc warrior (D:6)
  4 plants (D:5)
5 creatures vanquished.

Grand Total: 276 creatures vanquished

Notes
Turn   | Place    | Note
-------+----------+-------------------------------------------
     0 | D:1      | Fang the Gargoyle Berserker began the quest for the Orb.
     0 | D:1      | Reached XP level 1. HP: 14/14 MP: 1/1
   268 | D:1      | Reached XP level 2. HP: 19/19 MP: 2/2
   521 | D:1      | Reached skill level 3 in Axes
   711 | D:1      | Reached XP level 3. HP: 22/23 MP: 3/3
  1070 | D:2      | Noticed a moth of wrath
  1073 | D:2      | Found a bloodstained altar of Trog.
  1077 | D:2      | Reached ** piety under Trog
  1601 | D:2      | Reached XP level 4. HP: 25/29 MP: 4/4
  2190 | D:3      | Reached *** piety under Trog
  2190 | D:3      | Reached skill level 4 in Axes
  2190 | D:3      | Reached XP level 5. HP: 33/33 MP: 5/5
  2606 | D:4      | Reached XP level 6. HP: 38/38 MP: 6/6
  2614 | D:4      | Noticed a phantom
  2720 | D:4      | Reached skill level 1 in Stealth
  2990 | D:4      | Reached skill level 5 in Axes
  3007 | D:4      | Found Wyosomn's Book Shoppe.
  3293 | D:5      | Entered Level 5 of the Dungeon
  3317 | D:5      | Noticed a sky beast
  3491 | D:5      | Reached XP level 7. HP: 22/44 MP: 7/7
  4105 | D:5      | Reached skill level 6 in Axes
  4218 | D:5      | Reached **** piety under Trog
  4343 | D:5      | Reached XP level 8. HP: 40/48 MP: 8/8
  4415 | D:5      | Noticed warborn304's ghost (amateur HaSu)
  4443 | D:5      | Killed warborn304's ghost
  4443 | D:5      | Reached skill level 5 in Fighting
  5049 | D:6      | Reached skill level 7 in Axes
  5658 | D:6      | Reached XP level 9. HP: 55/55 MP: 9/9
  5676 | D:6      | Reached skill level 8 in Axes
  5798 | D:6      | Reached skill level 5 in Dodging
  6043 | D:7      | Found an opulent altar of Gozag.
  6142 | D:7      | Reached skill level 9 in Axes
  6927 | D:7      | Found a staircase to the Ecumenical Temple.
  7107 | Temple   | Entered the Ecumenical Temple
  7316 | D:8      | Reached XP level 10. HP: 63/63 MP: 10/10
  7331 | D:8      | Noticed Joseph
  7343 | D:8      | Killed Joseph
  7343 | D:8      | Reached skill level 10 in Axes
  7650 | D:8      | Received a gift from Trog
  8365 | D:8      | Noticed a two-headed ogre
  8375 | D:8      | Killed a two-headed ogre
  8375 | D:8      | Reached skill level 11 in Axes
  8798 | D:9      | Noticed Ooooooops's ghost (novice DsCK)
  8800 | D:9      | Found a basalt altar of Yredelemnul.
  8800 | D:9      | Noticed a necromancer
  8801 | D:9      | Found a sacrificial altar of Ru.
  8807 | D:9      | Killed Ooooooops's ghost
  8820 | D:9      | Found a transporter.
  8849 | D:9      | Found a transporter.
  8891 | D:9      | Reached XP level 11. HP: 69/69 MP: 11/11
  8901 | D:9      | Killed a necromancer
  9091 | D:9      | Noticed a two-headed ogre
  9098 | D:9      | Killed a two-headed ogre
  9098 | D:9      | Reached skill level 12 in Axes
  9197 | D:9      | Found a stormy altar of Qazlal.
  9291 | D:9      | Reached ***** piety under Trog
  9512 | D:10     | Entered Level 10 of the Dungeon
  9581 | D:10     | Noticed robotcentaur's ghost (novice GnTm)
  9751 | D:10     | Found a staircase to the Orcish Mines.
 10077 | D:10     | Killed robotcentaur's ghost
 10232 | D:10     | Noticed Harold
 10241 | D:10     | Killed Harold
 10336 | D:10     | Noticed Sonja
 10474 | D:10     | Noticed Josephine
 10844 | D:10     | Cast into level 2 of the Abyss (Sonja)
 10848 | Abyss:2  | Found a corrupted altar of Lugonu.
 10893 | Abyss:2  | Noticed a wretched star
 10910 | Abyss:2  | HP: 3/71 [wretched star/orb of energy (13)]
 10928 | Abyss:2  | Noticed a rakshasa
 10928 | Abyss:2  | Noticed a wretched star
 10928 | Abyss:2  | Killed a wretched star
 10936 | Abyss:2  | HP: 1/49 [smoke demon/divine providence (9)]
 10939 | Abyss:2  | Slain by a smoke demon

Skill      XL: |  1  2  3  4  5  6  7  8  9 10 11 |
---------------+----------------------------------+-----
Dodging        | 2 3 4 5 6 |  6.5
Axes           | 3 4 5 6 7 9 11 12 | 12.8
Fighting       | 4 5 7 8 9 |  9.5
Stealth        | 1 2 3 4 |  4.2
Armour         | 3 |  3.9

Action                   |  1- 3 |  4- 6 |  7- 9 | 10-12 || total
-------------------------+-------+-------+-------+-------++-------
Melee: Hand axe          |   146 |   152 |   182 |       ||   480
       Battleaxe         |       |       |    82 |   210 ||   292
Invok: Berserk           |       |     4 |     5 |    12 ||    21
       Burn Spellbooks   |       |       |     1 |     2 ||     3
       Trog's Hand       |       |       |       |     1 ||     1
       Brothers in Arms  |       |       |       |     2 ||     2
  Use: Scroll            |       |       |    16 |     4 ||    20
       Potion            |       |       |       |     3 ||     3
 Stab: Sleeping          |       |       |     2 |       ||     2
       Distracted        |       |       |       |     1 ||     1
  Eat: Chunk             |     2 |     9 |    13 |    11 ||    35
       Ration            |       |       |     2 |     4 ||     6
Armor: Animal skin       |    58 |    52 |    87 |    26 ||   223
       Ring mail         |       |       |       |   106 ||   106
Dodge: Dodged            |   109 |   130 |   162 |   224 ||   625
